AoeStats
← EeeZee3

Arabia

510371224Analyzed
1v1 RM · 2d ago on Sep 30, 2026· 41m 41s· 2 players
Game mode
Random Map
Map size
Tiny (2 player)
Population
200
Speed
Normal
Resources
Standard
Victory
Conquest
Starting age
Dark Age
Ending age
Imperial Age
RankedLock teamsTeams togetherTeam positionsShared explorationLock speedFull tech treeHidden civsTurbo modeCheats
Victory
Defeat
🇺🇸 Chinese · United States
688
+13
🇨🇭 Saxons · Switzerland
626
-13
EeeZee3
0:25 Loom
13:09 Feudal Age
13:54 Double-Bit Axe
13:54 Horse Collar
18:13 Gold Mining
21:25 Castle Age
19:45 Fletching
20:23 Stone Mining
22:20 Bloodlines
22:30 Elite Skirmisher
23:22 Heavy Plow
23:48 Bow Saw
24:38 Husbandry
25:01 Town Watch
26:15 Thumb Ring
26:44 Bodkin Arrow
26:51 Treadmill Crane
28:49 Wheelbarrow
28:00 Light Cavalry
30:05 Ballistics
29:43 Murder Holes
30:46 Gold Shaft Mining
31:32 Forging
31:23 Scale Mail Armor
37:14 Imperial Age
37:50 Iron Casting
37:32 Chain Mail Armor
37:46 Scale Barding Armor
38:05 Bracer
39:26 Chemistry
38:38 Masonry
39:15 Padded Archer Armor
40:13 Crop Rotation
41:15 Hand Cart
Skoog
10:37 Feudal Age
12:05 Double-Bit Axe
13:51 Loom
13:52 Town Watch
14:54 Horse Collar
19:01 Castle Age
17:22 Fletching
17:36 Padded Archer Armor
17:40 Stone Mining
19:18 Crossbowman
21:37 Gold Mining
22:00 Bow Saw
24:21 Wheelbarrow
25:26 Heavy Plow
25:59 Bodkin Arrow
26:19 Leather Archer Armor
26:41 Ballistics
26:49 Leather Archer Armor
27:58 Stone Shaft Mining
28:11 Gold Shaft Mining
29:09 Thumb Ring
29:57 Murder Holes
30:34 Town Patrol
34:32 Imperial Age
33:44 Hand Cart
35:46 Scale Barding Armor
35:52 Forging
35:42 Bracer
36:13 Ring Archer Armor
35:51 Scale Barding Armor
35:57 Forging
35:51 Husbandry
36:01 Bloodlines
36:23 Cavalier
38:16 Chemistry
39:31 Chain Barding Armor
40:27 Two-Man Saw
39:23 Arbalester
41:24 Iron Casting
41:25 Plate Barding Armor
Connection lost

Rejoining the realm…

Still unreachable

The connection could not be restored.

Session expired

The server has moved on; the page needs a fresh start.